 Dungeon Crawl Stone Soup version 0.29.1-12-g30fa7ad0bf (webtiles) character file.

Game seed: 14669583119472622232

84 xian the Conjurer (level 4, -1/24 HPs)
             Began as a Tengu Conjurer on Jan 6, 2023.
             Slain by Grinder (8 damage)
             ... on level 3 of the Dungeon.
             The game lasted 00:03:19 (2536 turns).

xian the Conjurer (Tengu Conjurer)                  Turns: 2536, Time: 00:03:20

Health: -1/24      AC:  4    Str: 13    XL:     4   Next: 46%
Magic:  0/9        EV: 12    Int: 21    God:
Gold:   51         SH:  0    Dex: 12    Spells: 5/8 levels left

rFire   . . .      SeeInvis .   c - +0 whip
rCold   . . .      Faith    .   (no shield)
rNeg    . . .      Spirit   .   v - +0 leather armour
rPois   .          Reflect  .   (helmet restricted)
rElec   .          Harm     .   r - +0 cloak
rCorr   .          Rampage  .   (no gloves)
Will    +....                   (boots unavailable)
Stlth   ++........              (no amulet)
HPRegen 0.08/turn               k - +6 ring of strength
MPRegen 0.11/turn               t - ring of willpower

@: no status effects
A: beak, talons 3
a: no special abilities


You were on level 3 of the Dungeon.
You visited 1 branch of the dungeon, and saw 3 of its levels.

You collected 51 gold pieces.

Inventory:

Hand Weapons
 c - a +0 whip (weapon)
Armour
 r - a +0 cloak (worn)
 v - a +0 leather armour (worn)
Jewellery
 k - a +6 ring of strength (left hand)
 t - a ring of willpower (right hand)
Scrolls
 f - a scroll of enchant weapon {unknown}
 h - 2 scrolls of identify {unknown}
 i - 2 scrolls of magic mapping {unknown}
 j - 2 scrolls of fear {unknown}
 n - a scroll of amnesia {unknown}
 p - a scroll of vulnerability {unknown}
 q - a scroll of butterflies {unknown}
Potions
 b - a potion of magic
 d - a potion of ambrosia {unknown}
 e - a potion of might {unknown}
 g - 2 potions of degeneration {unknown}
 l - 2 potions of lignification {unknown}
 m - a potion of attraction {unknown}
 o - a potion of heal wounds {unknown}
 s - a potion of curing {unknown}
 u - a potion of mutation {unknown}


   Skills:
 + Level 2.5 Dodging
 + Level 2.2 Stealth
 + Level 2.7 Spellcasting
 + Level 6.7 Conjurations


You had 5 spell levels left.
You knew the following spells:

 Your Spells              Type           Power      Damage    Failure   Level
a - Magic Dart            Conj           100%       1d8       1%          1
b - Searing Ray           Conj           62%        2d6       1%          2

Your spell library contained the following spells:

 Spells                   Type           Power      Damage    Failure   Level
 Dazzling Flash           Conj/Hex       34%        N/A       13%         3
 Slow                     Hex            8%         N/A       17%         1
 Fulminant Prism          Conj/Hex       8%         3d7       41%         4
 Iskenderun's Mystic Bla  Conj/Tloc      17%        2d5       41%         4
 Confusing Touch          Hex            2%         N/A       45%         3
 Vampiric Draining        Necr           2%         2d6       45%         3


Dungeon Overview and Level Annotations

Branches:
Dungeon (3/15)

Altars:
Xom

Annotations:
D:3 Grinder


Innate Abilities, Weirdness & Mutations

You have a beak for a mouth.
You have claws for feet.


Message History

Grinder gestures at you. You resist with some effort.
You closely miss Grinder. You claw Grinder. Your peck misses Grinder.
Grinder is almost dead.
Grinder hits you.
You writhe in agony.
You hit Grinder but do no damage. Your kick misses Grinder.
Grinder is almost dead.
Grinder closely misses you.
You barely miss Grinder. You peck Grinder, but do no damage.
Grinder is almost dead.
Grinder barely misses you.
You hit Grinder but do no damage. You claw Grinder, but do no damage.
Grinder is almost dead.
Grinder gestures at you. Pain shoots through your body!
Grinder gestures at you.
You easily resist.
The magic dart hits Grinder but does no damage.
Grinder is almost dead.
Grinder blinks!
Grinder gestures at you.
You easily resist.
Unknown command.
The magic dart hits Grinder but does no damage.
Grinder is almost dead.
Unknown command.
You barely miss Grinder. You claw Grinder, but do no damage.
Grinder is almost dead.
Grinder hits you.
You writhe in agony.
* * * LOW HITPOINT WARNING * * *
You hit Grinder but do no damage.
Grinder is almost dead.
Grinder misses you.
You barely miss Grinder. Your kick misses Grinder.
Grinder is almost dead.
Grinder closely misses you.
You closely miss Grinder. You claw Grinder.
Grinder is almost dead.
Grinder hits you!
You die...

. .. ... .... ## #####
.....#. #...#
.......########.#.#
#>.....5@...#)#
#############.###########
#####.##.........
#........########
#........########
#................
#.......#########
#######.....†.# #
#.....#..)†...# #


You could see Grinder.

Vanquished Creatures
  4 adders
  A worm (D:1)
  A dart slug (D:2)
  7 bats
  3 endoplasms (D:2)
  5 giant cockroaches
  2 goblins
  4 hobgoblins
  2 kobolds
  2 quokkas (D:1)
  4 ball pythons
  3 frilled lizards
  6 rats
44 creatures vanquished.

Notes
Turn   | Place    | Note
-------+----------+-------------------------------------------
     0 | D:1      | xian the Tengu Conjurer began the quest for the Orb.
     0 | D:1      | Reached XP level 1. HP: 10/10 MP: 4/4
   255 | D:1      | Reached XP level 2. HP: 15/15 MP: 3/6
   258 | D:1      | Learned a level 2 spell: Searing Ray
   549 | D:1      | Reached skill level 6 in Conjurations
  1298 | D:2      | Reached XP level 3. HP: 19/19 MP: 5/7
  1804 | D:2      | Found a shimmering altar of Xom.
  1885 | D:2      | Reached XP level 4. HP: 24/24 MP: 5/8
  2502 | D:3      | Noticed Grinder
  2536 | D:3      | Slain by Grinder

Illustrated notes

Levels and vault maps discovered:
D:1:      psy_arrival_basics, layout_loops_corners
D:2:      layout_loops_ring, basic_altar, minmay_misc_feat_pillars
D:3:      layout_basic, grunt_dithmenos_smoke_and_mirrors, ashenzari_altar_1,
          uniq_grinder

Skill      XL: |  1  2 |
---------------+-------+-----
Conjurations   | 6 |  6.7
Dodging        | |  2.5
Stealth        | |  2.2
Spellcasting   | |  2.7

Action                   |  1- 3 |  4- 6 || total
-------------------------+-------+-------++-------
Melee: Whip              |     3 |     9 ||    12
       Kick              |       |     4 ||     4
       Peck              |       |     1 ||     1
 Cast: Magic Dart        |    52 |    20 ||    72
       Searing Ray       |     3 |     2 ||     5
Armor: Robe              |     1 |       ||     1
Dodge: Dodged            |     8 |     4 ||    12
